Map: Rooftop Terrace

Players

oceanjunkee

  • Race: Terran Terran
  • League: Silver
  • Spawn Location: 12:00

odi

  • Race: Terran Terran
  • Spawn Location: 11:00

tryharding

  • Race: Terran Terran
  • Spawn Location: 12:00

vrrs

  • Race: Protoss Protoss
  • Spawn Location: 1:00

OfficerRambo - Winner!

  • Race: Terran Terran
  • Spawn Location: 6:00

Metasapien - Winner!

  • Race: Zerg Zerg
  • League: Platinum
  • Spawn Location: 5:00

Hilikus - Winner!

  • Race: Protoss Protoss
  • League: Gold
  • Spawn Location: 6:00

HaChiKoMarci - Winner!

  • Race: Protoss Protoss
  • Spawn Location: 7:00

VOD

Have the link to the VOD?

Description

Time

  • Played on: Sept. 17, 2017, 11:26 p.m.
  • Length: 21:58
Show
View Real Time Build Order
Export as new Build Order

oceanjunkee Terran 

Build Orders:  

Get SALT Encoding   

  12  0:04  SCV  
  13  0:15  Supply Depot  
  13  0:28  SCV  
  13  0:33  Refinery  
  14  0:47  Supply Depot  
  14  1:05  SCV  
  14  1:10  Barracks  
  15  1:17  Engineering Bay, SCV  
  16  1:51  Supply Depot  
  16  1:54  Missile Turret  
  16  1:58  Factory  
  16  2:07  Bunker  
  16  2:12  SCV  
  17  2:23  Missile Turret  
  17  2:27  Barracks Tech Lab  
  17  2:33  SCV  
  18  2:58  Barracks Reactor  
  18  2:59  Barracks  
  18  3:04  Missile Turret  
  18  3:19  Refinery  
  18  3:36  Siege Tank  
  21  3:43  Marine x2  
  23  4:04  Marine  
  24  4:27  Missile Turret  
  24  4:28  Siege Tank  
  24  4:30  Marine  
  28  4:35  Marine  
  27  4:48  Marine  
  23  5:06  Marine  
  20  5:14  Siege Tank  
  15  6:22  Supply Depot  
  15  6:23  Supply Depot  
  15  6:26  Command Center  
  15  7:05  Barracks  
  15  7:07  Barracks  
  15  7:21  SCV  
  16  7:36  Barracks Tech Lab  
  16  7:38  SCV  
  17  7:47  Factory, SCV  
  18  7:59  SCV  
  18  8:01  Barracks Reactor  
  19  8:11  SCV  
  20  8:22  Barracks Reactor  
  20  8:23  Stimpack, SCV  
  20  8:25  SCV  
  22  8:36  SCV  
  22  8:38  Starport  
  22  8:39  Factory Reactor  
  23  8:45  Marine x2  
  23  8:48  SCV  
  26  8:52  Marine  
  27  8:55  SCV  
  27  9:00  SCV  
  29  9:03  Marine  
  29  9:04  Marine  
  29  9:06  Marine  
  32  9:10  Marine  
  32  9:12  SCV  
  32  9:14  Starport Reactor  
  34  9:22  Widow Mine  
  34  9:24  SCV, Widow Mine  
  39  9:34  Marine x2  
  39  9:36  SCV  
  39  9:37  SCV  
  43  9:47  Missile Turret  
  43  9:48  SCV  
  43  9:50  Widow Mine  
  43  9:52  Missile Turret  
  46  9:57  Widow Mine  
  48  10:00  SCV  
  48  10:06  Marine x2  
  51  10:08  SCV  
  51  10:12  Medivac, SCV  
  55  10:19  Widow Mine  
  55  10:20  SCV  
  58  10:24  Combat Shields, SCV  
  58  10:25  Widow Mine  
  61  10:32  SCV  
  62  10:47  Widow Mine  
  64  10:52  Medivac  
  64  10:54  Widow Mine  
  68  11:45  Marine x2  
  70  11:56  Supply Depot x2  
  70  11:57  Supply Depot  
  70  11:58  Supply Depot  
  70  11:59  Supply Depot  
  70  12:01  Supply Depot  
  70  12:03  Supply Depot  
  70  12:07  Orbital Command  
  70  12:17  Marine x5  
  70  12:21  Supply Depot  
  70  12:22  Supply Depot  
  75  12:23  Supply Depot  
  75  12:25  Supply Depot  
  75  12:35  Marine x5  
  76  12:40  Command Center  
  56  12:47  Widow Mine  
  56  12:48  Widow Mine  
  57  12:53  Marine x5  
  62  13:11  Marine x5  
  67  13:16  Widow Mine x2  
  71  13:29  Marine x5  
  76  13:36  Refinery  
  76  13:38  Refinery  
  74  13:45  Widow Mine x2  
  74  13:46  Marine x2  
  68  14:13  Widow Mine  
  68  14:22  Marine x4  
  68  14:23  Marine  
  73  14:27  Medivac x2  
  73  14:36  Supply Depot  
  73  14:38  Supply Depot  
  73  14:40  Marine x5  
  73  14:41  Refinery  
  78  14:57  Medivac x2  
  78  14:58  Marine x5  
  87  15:07  Refinery  
  87  15:14  Cyclone  
  87  15:15  Marine x2, Cyclone  
  87  15:16  Marine x3  
  98  15:27  Medivac x2, SCV  
  103  15:33  Marine x3  
  103  15:34  Marine x2  
  108  15:38  Factory  
  108  15:39  SCV  
  108  15:40  SCV  
  110  15:47  Cyclone  
  113  15:51  SCV, Marine x2  
  113  15:52  SCV  
  109  15:57  Medivac  
  109  16:04  SCV  
  112  16:16  SCV  
  113  16:38  Marine x5  
  118  16:55  Marine  
  118  16:56  Marine x3  
  118  16:59  Widow Mine x2  
  126  17:03  Factory Tech Lab  
  126  17:07  Supply Depot  
  126  17:13  Marine x3  
  126  17:14  Marine x2  
  130  17:27  Widow Mine x2  
  134  17:30  Marine, Supply Depot  
  134  17:31  Marine x2  
  134  17:32  Marine x2  
  139  17:48  Marine  
  140  17:56  Widow Mine x2  
  144  18:18  Command Center  
  139  18:24  Widow Mine  
  139  18:25  Widow Mine  
  141  18:35  Marine x5  
  140  18:46  Siege Tank  
  142  18:53  Marine x2  
  144  19:01  Marine x2  
  146  19:05  Marine  
  145  19:10  Marine  
  145  19:11  Marine  
  137  19:18  Siege Tank  
  137  19:19  Marine x2  
  138  19:27  Barracks  
  138  19:28  Marine  
  139  19:37  Marine x2  
  123  19:46  Marine x3  
  127  19:55  Marine x2  
  129  20:04  Marine  
  129  20:06  SCV  
  131  20:13  Marine  
  132  20:18  SCV  
  132  20:20  Marine x3  
  136  20:21  Marine  
  136  20:27  Barracks Reactor  
  137  20:31  Marine  
  115  20:38  Marine x3  
  115  20:39  Marine  
  99  20:48  SCV, Marine  
  101  20:55  Medivac x2  
  101  20:56  Marine x3  
  101  20:57  Widow Mine x2, Marine  
  108  20:58  Barracks  
  108  21:00  SCV  
  114  21:06  Marine  
  102  21:12  SCV  
  100  21:25  Medivac, Widow Mine x2  
  95  21:37  Marine x2  
  95  21:38  Marine  
Show
View Real Time Build Order
Export as new Build Order

odi Terran 

Build Orders:  

Get SALT Encoding   

  12  0:54  Command Center  
  12  0:56  SCV, Supply Depot  
  13  1:08  SCV  
  14  1:26  Barracks  
  14  1:28  SCV  
  15  1:35  Refinery  
  15  1:40  Refinery, SCV  
  16  1:52  SCV  
  17  2:04  SCV  
  18  2:14  Refinery  
  18  2:17  SCV  
  19  2:29  Factory, SCV  
  20  2:33  SCV  
  21  2:41  SCV  
  22  2:45  SCV  
  23  2:53  SCV  
  23  2:56  Refinery  
  23  2:57  SCV  
  25  3:09  SCV  
  26  3:18  Supply Depot  
  26  3:21  SCV  
  27  3:33  SCV  
  28  3:46  Starport, SCV  
  29  3:54  Starport  
  29  3:58  SCV  
  30  4:04  SCV  
  30  4:06  Starport  
  31  4:10  SCV  
  32  4:17  Supply Depot  
  32  4:22  SCV  
  33  4:32  Fusion Core  
  33  4:34  SCV  
  34  4:46  SCV  
  34  4:51  Starport Tech Lab x3  
  35  4:58  SCV  
  36  5:04  Armory  
  36  5:10  Armory, SCV  
  37  5:22  SCV  
  38  5:34  SCV  
  39  5:39  Supply Depot  
  39  5:47  Battlecruiser, SCV  
  46  5:56  Battlecruiser  
  45  6:45  Battlecruiser  
  51  7:00  Battlecruiser  
  57  7:26  SCV  
  58  7:38  Terran Vehicle Weapons Level 1  
  58  7:39  Terran Vehicle And Ship Armor Level 1, SCV  
  59  7:51  SCV  
  60  7:54  Orbital Command  
  60  7:56  Supply Depot  
  60  8:03  SCV  
  61  8:15  SCV  
  61  8:18  Battlecruiser  
  61  8:19  Supply Depot  
  68  8:27  Command Center  
  68  8:35  Orbital Command  
  68  8:41  Supply Depot  
  68  8:43  Battlecruiser  
  74  8:57  Weapon Refit  
  74  9:05  Supply Depot  
  80  9:10  Battlecruiser  
  80  9:14  SCV  
  81  9:26  SCV  
  81  9:28  Supply Depot  
  82  9:36  Terran Vehicle Weapons Level 2  
  82  9:37  Terran Vehicle And Ship Armor Level 2  
  82  9:50  Supply Depot  
  82  9:58  Battlecruiser  
  88  10:10  Battlecruiser  
  94  10:16  Refinery, SCV  
  94  10:21  Supply Depot  
  95  10:28  SCV  
  96  10:39  Battlecruiser  
  102  10:51  SCV  
  103  11:02  Refinery  
  103  11:03  SCV  
  104  11:15  SCV  
  105  11:27  SCV  
  105  11:29  Battlecruiser x2  
  118  11:38  Engineering Bay  
  118  11:39  SCV  
  119  11:51  SCV  
  120  12:03  SCV  
  121  12:15  SCV  
  121  12:17  Battlecruiser  
  128  12:28  SCV  
  129  12:31  Sensor Tower  
  129  12:33  Battlecruiser  
  135  12:40  SCV  
  135  12:42  Terran Vehicle Weapons Level 3  
  135  12:43  Terran Vehicle And Ship Armor Level 3  
  136  12:47  Battlecruiser  
  100  14:25  Battlecruiser x3  
  94  15:29  Battlecruiser x3  
  112  15:42  Orbital Command  
  56  16:33  Battlecruiser x3  
  74  17:00  Command Center  
  74  17:22  Terran Ship Weapons Level 1  
  74  17:56  Refinery  
Show
View Real Time Build Order
Export as new Build Order

tryharding Terran 

Build Orders: Bio Tank 

Get SALT Encoding   

  12  0:01  SCV  
  13  0:13  SCV  
  14  0:25  SCV, Supply Depot  
  15  0:29  Refinery  
  15  0:47  SCV  
  15  0:49  Barracks  
  16  0:59  SCV  
  17  1:06  Barracks  
  17  1:11  SCV  
  17  1:17  Refinery  
  18  1:25  SCV  
  19  1:36  Reaper  
  19  1:38  Orbital Command  
  20  1:55  Reaper  
  20  1:59  Factory  
  21  2:06  Supply Depot  
  21  2:09  SCV  
  21  2:14  Reaper  
  23  2:28  SCV  
  24  2:35  Barracks  
  24  2:39  Barracks Tech Lab  
  24  2:40  SCV  
  25  2:46  Factory Tech Lab  
  25  2:56  Barracks Tech Lab  
  25  2:59  SCV  
  25  3:04  Siege Tank  
  29  3:07  Stimpack  
  27  3:47  Siege Tank  
  30  3:52  Command Center  
  30  4:02  Combat Shields  
  29  4:04  Barracks Reactor  
  29  4:05  Marauder  
  29  4:09  Supply Depot  
  31  4:14  Supply Depot  
  31  4:30  Marine  
  31  4:31  Siege Tank, Marauder, SCV  
  38  4:40  Marine x2  
  38  4:43  SCV  
  38  4:44  Supply Depot  
  41  4:48  Marine  
  41  4:52  Marine  
  43  4:55  SCV  
  44  5:05  Orbital Command  
  44  5:08  Marine x3  
  44  5:09  Refinery  
  47  5:15  Supply Depot  
  47  5:21  Barracks  
  47  5:22  Siege Tank  
  50  5:54  Marine  
  50  5:55  Marauder x2, Marine  
  52  6:12  Siege Tank  
  33  6:45  Orbital Command  
  21  6:56  Siege Tank  
  21  7:00  SCV  
  25  7:01  Marine  
  25  7:02  Marine x2  
  18  7:11  SCV  
  18  7:15  SCV  
  13  7:19  Marine  
  14  7:23  SCV  
  14  7:27  SCV  
  16  7:31  Marine x2  
  16  7:34  Siege Tank  
  21  7:37  Barracks Reactor  
  21  7:38  SCV  
  21  7:42  Marine  
  23  7:52  Marine  
  23  7:53  Marauder  
  23  7:55  SCV  
  23  7:57  SCV  
  28  8:07  SCV  
  28  8:09  SCV  
  28  8:11  Siege Tank  
  28  8:12  Marine x2  
  35  8:14  Marine  
  35  8:15  Marine  
  35  8:17  Marine  
  38  8:28  SCV  
  38  8:32  Refinery, Factory  
  39  8:36  Refinery, SCV  
  39  8:40  Marine  
  41  8:46  SCV  
  41  8:47  Marine  
  43  8:48  SCV  
  44  8:57  Concussive Shells  
  44  8:58  SCV  
  45  9:03  Engineering Bay  
  45  9:06  SCV  
  46  9:10  SCV  
  47  9:34  SCV x2  
  49  9:43  Command Center  
  49  9:46  SCV x2  
  49  9:51  Supply Depot  
  49  9:52  Siege Tank  
  54  9:54  Factory Tech Lab  
  54  9:59  Terran Infantry Weapons Level 1  
  54  10:06  SCV x2  
  56  10:10  Supply Depot  
  56  10:11  Marine  
  56  10:13  Barracks Tech Lab  
  58  10:16  Barracks Reactor  
  58  10:17  Marine  
  58  10:19  Marauder  
  60  10:23  SCV  
  60  10:24  SCV  
  60  10:27  Siege Tank  
  65  10:35  SCV  
  65  10:37  SCV  
  67  10:47  SCV, Marine x2  
  67  10:49  SCV  
  71  10:50  Siege Tank  
  74  11:00  Armory, SCV  
  75  11:24  Marine x4  
  75  11:25  Marine x2  
  81  11:27  Siege Tank  
  81  11:28  Siege Tank  
  87  11:38  Starport  
  87  11:40  SCV  
  88  11:54  Terran Infantry Armor Level 1  
  88  12:05  Marine x2  
  88  12:06  Marine x4  
  94  12:11  Terran Vehicle Weapons Level 1  
  94  12:13  Starport Reactor  
  94  12:18  Supply Depot  
  94  12:21  Orbital Command  
  94  12:23  Marine  
  95  12:36  Command Center  
  95  13:07  SCV  
  96  13:23  Siege Tank  
  96  13:24  Siege Tank  
  96  13:25  Medivac x2  
  106  13:47  Terran Infantry Weapons Level 2  
  85  13:56  Marine x6  
  86  14:05  Terran Vehicle And Ship Armor Level 1  
  86  14:09  Medivac x2  
  90  14:13  Marine  
  90  14:14  Marine x2  
  93  14:34  Refinery, SCV  
  93  14:35  Refinery x2, Marine x2  
  93  14:36  Marine x4  
  100  14:39  Medivac x2  
  104  14:54  Marine x5  
  104  14:55  Marine  
  110  15:00  Barracks  
  110  15:02  Barracks  
  110  15:03  Barracks  
  110  15:05  Barracks  
  110  15:07  Orbital Command  
  110  15:28  Medivac x2  
  114  15:30  Marine x6  
  115  15:59  Terran Vehicle Weapons Level 2  
  115  16:03  Terran Infantry Armor Level 2  
  53  17:11  Marine x4  
  53  17:12  Orbital Command, Marine  
  53  17:13  Marine x5  
  34  17:16  Siege Tank x2  
  34  17:21  Medivac x2  
  44  17:55  Barracks Reactor, Marine  
  44  17:56  Barracks Reactor x3, Marine  
  44  17:57  Marine x2  
  48  18:02  Medivac  
  44  18:19  Terran Infantry Weapons Level 3  
  20  20:14  Orbital Command  
  20  20:19  Orbital Command  
  20  20:33  Orbital Command  
  20  21:13  Marine x5  
  20  21:14  Marine x3  
  28  21:31  Marine x6  
  28  21:32  Marine x2  
  36  21:34  Factory Reactor x2  
Show
View Real Time Build Order
Export as new Build Order

vrrs Protoss 

Build Orders: Forge Fast Expand (FFE) 

Get SALT Encoding   

  12  0:23  Probe (Chrono Boost)  
  12  0:27  Pylon  
  13  0:33  Probe (Chrono Boost)  
  14  0:44  Probe (Chrono Boost)  
  15  0:54  Probe (Chrono Boost)  
  15  0:55  Forge  
  16  1:05  Probe (Chrono Boost)  
  17  1:26  Nexus  
  17  1:37  Assimilator  
  17  1:40  Probe (Chrono Boost)  
  17  1:45  Photon Cannon  
  18  1:50  Probe (Chrono Boost)  
  20  2:01  Probe (Chrono Boost), Photon Cannon  
  20  2:04  Pylon  
  20  2:13  Pylon  
  20  2:20  Assimilator  
  20  2:23  Probe (Chrono Boost)  
  21  2:34  Probe (Chrono Boost)  
  21  2:36  Gateway  
  22  2:44  Probe (Chrono Boost)  
  22  2:45  Photon Cannon  
  23  2:56  Pylon  
  23  2:57  Probe (Chrono Boost)  
  23  2:58  Probe (Chrono Boost)  
  25  3:08  Probe x2 (Chrono Boost)  
  27  3:18  Probe (Chrono Boost)  
  27  3:19  Probe (Chrono Boost)  
  29  3:27  Cybernetics Core  
  29  3:29  Probe x2 (Chrono Boost)  
  29  3:34  Pylon  
  31  3:39  Probe (Chrono Boost)  
  31  3:40  Probe (Chrono Boost)  
  33  3:42  Assimilator  
  33  3:46  Assimilator  
  33  3:50  Probe x2 (Chrono Boost)  
  35  3:57  Photon Cannon  
  35  4:01  Probe (Chrono Boost)  
  35  4:02  Probe (Chrono Boost)  
  37  4:10  Stargate  
  37  4:13  Probe x2 (Chrono Boost)  
  39  4:23  Probe x2 (Chrono Boost)  
  41  4:34  Probe x2 (Chrono Boost)  
  41  4:37  Pylon  
  43  4:39  Pylon  
  43  4:43  Photon Cannon  
  43  4:44  Probe x2 (Chrono Boost)  
  45  4:47  Protoss Shields Level 1  
  45  5:01  Nexus  
  45  5:04  Assimilator  
  45  5:09  Assimilator  
  45  5:17  Fleet Beacon  
  45  5:19  Pylon  
  45  5:37  Photon Cannon x2  
  45  5:43  Pylon x2  
  45  5:45  Pylon  
  45  6:03  Probe (Chrono Boost)  
  45  6:04  Probe (Chrono Boost)  
  47  6:08  Carrier (Chrono Boost)  
  53  6:12  Pylon  
  53  6:14  Probe x2 (Chrono Boost)  
  53  6:16  Pylon  
  53  6:18  Pylon  
  55  6:23  Probe (Chrono Boost)  
  55  6:25  Probe x2 (Chrono Boost)  
  58  6:33  Probe (Chrono Boost), Photon Cannon  
  58  6:34  Probe (Chrono Boost)  
  58  6:35  Probe (Chrono Boost)  
  61  6:43  Probe  
  61  6:44  Probe  
  64  6:47  Probe  
  64  6:54  Graviton Catapult  
  64  7:14  Stargate  
  64  7:15  Stargate  
  64  7:17  Stargate  
  64  7:19  Stargate  
  64  7:27  Carrier (Chrono Boost)  
  70  7:59  Probe x2  
  70  8:01  Probe  
  97  8:25  Nexus  
  97  8:28  Pylon  
  97  8:29  Carrier x3 (Chrono Boost)  
  97  8:30  Carrier (Chrono Boost)  
  97  8:31  Pylon  
  97  8:34  Pylon  
  97  8:38  Assimilator  
  97  8:39  Assimilator  
  97  8:42  Pylon  
  97  8:45  Pylon  
  97  8:48  Photon Cannon  
  97  8:52  Photon Cannon  
  97  8:54  Photon Cannon  
  97  8:56  Photon Cannon  
  97  8:57  Carrier (Chrono Boost)  
  97  9:00  Probe x2, Photon Cannon  
  97  9:01  Probe  
  106  9:24  Cybernetics Core  
  106  9:30  Probe x2, Twilight Council  
  106  9:31  Probe  
  106  9:34  Robotics Facility  
  109  9:40  Probe x2  
  109  9:43  Probe  
  118  9:46  Stargate  
  118  9:48  Stargate  
  136  9:57  Carrier (Chrono Boost)  
  136  9:58  Carrier x2 (Chrono Boost)  
  136  10:03  Carrier (Chrono Boost)  
  136  10:07  Protoss Air Weapons Level 1, Protoss Air Armor Level 1  
  136  10:18  Carrier (Chrono Boost)  
  143  10:21  Observer  
  149  10:41  Tempest (Chrono Boost)  
  150  10:43  Observer  
  156  10:50  Tempest (Chrono Boost)  
  157  11:04  Observer  
  163  11:18  Protoss Shields Level 2  
  169  11:20  Carrier (Chrono Boost)  
  169  11:22  Carrier (Chrono Boost)  
  170  11:25  Observer  
  170  11:39  Carrier (Chrono Boost)  
  176  11:45  Carrier (Chrono Boost)  
  183  11:47  Observer  
  183  11:55  Carrier (Chrono Boost)  
  189  12:07  Carrier (Chrono Boost)  
  195  12:13  Protoss Air Armor Level 2 (Chrono Boost)  
  195  12:25  Protoss Air Weapons Level 2 (Chrono Boost)  
  177  12:54  Carrier x2  
  183  13:08  Carrier x2 (Chrono Boost)  
  171  13:49  Carrier x3 (Chrono Boost)  
  171  14:11  Stargate  
  171  14:17  Stargate  
  171  14:19  Stargate  
  183  14:38  Carrier (Chrono Boost)  
  183  14:39  Carrier (Chrono Boost)  
  189  14:47  Tempest (Chrono Boost)  
  195  14:53  Carrier (Chrono Boost)  
  195  15:00  Protoss Shields Level 3  
  195  15:22  Protoss Air Armor Level 3 (Chrono Boost)  
  195  15:35  Protoss Air Weapons Level 3 (Chrono Boost)  
  195  16:10  Phoenix (Chrono Boost)  
  137  16:11  Phoenix (Chrono Boost)  
  155  19:04  Carrier x4  
  179  19:14  Pylon  
  179  19:15  Pylon  
  179  19:17  Pylon  
  179  19:20  Carrier, Pylon  
  179  19:21  Pylon  
  179  19:30  Pylon  
  179  19:33  Carrier  
  179  19:34  Carrier  
  196  19:55  Carrier  
Show
View Real Time Build Order
Export as new Build Order

OfficerRambo Terran - Winner!

Build Orders:  

Get SALT Encoding   

  13  0:07  SCV  
  13  0:19  SCV  
  14  0:23  Supply Depot  
  14  0:31  SCV  
  15  0:36  Refinery  
  15  0:43  Refinery  
  15  0:44  SCV  
  16  0:58  Barracks  
  16  0:59  SCV  
  17  1:11  SCV  
  18  1:23  Supply Depot  
  18  1:24  SCV  
  19  1:36  SCV  
  20  1:48  SCV  
  21  1:56  Factory  
  21  1:59  Supply Depot  
  21  2:00  SCV  
  22  2:10  Marine  
  22  2:12  SCV  
  24  2:35  Command Center  
  24  2:46  Starport  
  24  2:48  SCV  
  24  2:51  Marine  
  26  3:01  SCV  
  27  3:08  Supply Depot  
  27  3:13  Factory Tech Lab, SCV  
  28  3:25  SCV  
  29  3:30  Starport  
  29  3:31  Marine  
  30  3:45  Starport Tech Lab  
  30  3:48  Marine  
  30  3:54  Refinery, SCV  
  32  4:01  Supply Depot  
  32  4:06  SCV  
  33  4:14  Siege Tank  
  33  4:16  Banshee  
  39  4:17  Refinery  
  39  4:29  Starport Tech Lab  
  39  4:31  SCV  
  40  4:43  SCV  
  41  4:48  Cloaking Field  
  41  4:51  Hyperflight Rotors  
  41  4:54  Banshee  
  41  4:55  SCV  
  45  5:04  SCV  
  46  5:07  SCV  
  47  5:16  SCV  
  47  5:19  SCV  
  49  5:28  SCV  
  49  5:31  SCV  
  51  5:41  SCV  
  51  5:42  Banshee x2  
  58  5:51  SCV  
  59  6:03  SCV  
  61  6:04  SCV  
  61  6:09  Command Center  
  61  6:10  Supply Depot  
  61  6:15  SCV  
  61  6:16  SCV  
  63  6:25  Viking x2  
  67  6:27  SCV  
  67  6:28  SCV  
  69  6:33  Supply Depot  
  69  6:39  SCV  
  70  6:40  SCV  
  71  6:51  SCV  
  71  6:52  SCV  
  70  6:55  Supply Depot  
  70  7:17  Viking x2  
  74  7:27  Starport, SCV  
  75  7:39  SCV  
  76  7:46  SCV  
  76  7:47  Viking x2  
  76  7:48  Refinery  
  76  7:51  SCV  
  82  7:52  SCV  
  83  7:58  SCV  
  83  8:03  SCV  
  83  8:04  Starport, SCV  
  86  8:08  Starport Tech Lab  
  86  8:11  Refinery, SCV  
  87  8:13  Supply Depot  
  87  8:15  SCV  
  87  8:16  SCV  
  87  8:17  Viking x2  
  93  8:23  SCV  
  94  8:27  Fusion Core, SCV  
  94  8:28  SCV  
  96  8:35  SCV  
  96  8:36  Supply Depot  
  96  8:39  SCV  
  96  8:40  SCV  
  99  8:47  SCV, Viking x2  
  104  8:51  Armory, SCV  
  105  8:57  Starport Tech Lab  
  105  8:58  Supply Depot  
  105  9:05  Viking  
  107  9:13  Orbital Command  
  107  9:15  Orbital Command  
  107  9:16  Viking  
  107  9:17  Viking  
  109  9:20  Weapon Refit  
  109  9:21  Supply Depot  
  111  9:35  Viking  
  111  9:37  Battlecruiser  
  119  9:38  Armory  
  119  9:43  Supply Depot  
  119  9:46  Viking  
  119  9:47  Viking, Supply Depot x2  
  123  9:56  Terran Vehicle And Ship Armor Level 1  
  123  10:05  Viking, Supply Depot  
  125  10:10  Supply Depot  
  125  10:11  Supply Depot  
  125  10:16  Viking  
  125  10:17  Viking  
  129  10:35  Viking, Supply Depot  
  129  10:36  Supply Depot  
  129  10:41  Battlecruiser  
  137  10:46  Viking  
  137  10:47  Battlecruiser  
  145  10:59  Supply Depot  
  145  11:00  Supply Depot  
  145  11:05  Battlecruiser  
  151  11:17  Battlecruiser  
  157  11:23  Terran Ship Weapons Level 1  
  157  11:24  Supply Depot  
  157  11:45  Battlecruiser  
  163  11:51  Viking  
  165  11:54  Terran Vehicle And Ship Armor Level 2  
  165  12:09  Viking  
  167  12:21  Battlecruiser x2  
  120  14:06  Battlecruiser  
  120  14:07  Battlecruiser x3  
  138  14:19  Terran Ship Weapons Level 2  
  138  14:21  Terran Vehicle And Ship Armor Level 3  
  126  15:11  Battlecruiser x4  
  150  16:15  Viking x4  
  158  16:45  Battlecruiser x4  
  121  17:49  Battlecruiser x2  
  133  17:54  Battlecruiser x2  
  75  18:58  Viking x4  
  83  19:12  Barracks x2  
  83  19:13  Barracks  
  83  19:15  Barracks x2  
  83  19:18  Barracks  
  83  19:20  Barracks  
  83  19:28  Viking x4  
  91  19:58  Viking x4  
  95  20:16  Marine x6  
  95  20:17  Marine  
  102  20:28  Viking x3  
  108  20:33  Marine x2  
  108  20:34  Marine x5  
  115  20:51  Marine x2  
  115  20:52  Marine x5  
  110  21:09  Marine x4  
  110  21:10  Marine x3  
  108  21:27  Marine x5  
  108  21:28  Marine x2  
  115  21:54  Command Center  
Show
View Real Time Build Order
Export as new Build Order

Metasapien Zerg - Winner!

Build Orders: Pool First 

Get SALT Encoding   

  12  0:01  Drone  
  13  0:23  Spawning Pool  
  13  0:28  Drone  
  13  0:33  Drone, Extractor  
  13  0:38  Drone  
  14  0:47  Overlord  
  14  1:05  Drone x2  
  16  1:11  Drone  
  17  1:31  Hatchery  
  16  1:33  Drone  
  16  1:37  Drone  
  18  1:43  Drone  
  19  1:54  Drone  
  20  2:16  Hatchery  
  20  2:19  Drone  
  20  2:21  Overlord  
  20  2:26  Metabolic Boost  
  20  2:46  Extractor  
  20  2:49  Queen  
  20  2:50  Queen  
  23  2:55  Drone x2  
  25  3:12  Drone x2  
  27  3:13  Overlord  
  27  3:14  Zergling x2  
  28  3:22  Zergling x2  
  29  3:30  Drone  
  29  3:31  Queen  
  32  3:44  Spine Crawler  
  31  3:49  Drone x3  
  31  3:50  Drone x3  
  31  3:53  Zergling x2  
  39  3:55  Zergling x2  
  39  4:08  Zergling x2  
  39  4:09  Zergling x10  
  44  4:16  Drone x2  
  45  4:19  Extractor  
  45  4:24  Drone  
  42  4:56  Zergling x2  
  42  4:57  Zergling x16  
  50  5:01  Overlord  
  50  5:02  Overlord x2  
  50  5:06  Lair  
  49  5:11  Drone x2, Roach Warren  
  49  5:13  Drone x3  
  50  5:28  Overlord x2  
  50  5:33  Drone x5  
  50  5:34  Drone  
  56  5:36  Drone  
  56  5:37  Drone  
  56  5:38  Drone  
  58  5:59  Roach x5  
  58  6:00  Roach x2  
  72  6:35  Drone x3  
  72  6:38  Drone x4, Extractor  
  78  6:42  Extractor  
  78  6:43  Extractor  
  76  6:48  Hydralisk Den  
  76  6:50  Drone  
  76  6:51  Drone  
  76  6:52  Drone x2  
  76  6:54  Drone x2, Infestation Pit  
  75  7:21  Hatchery  
  71  7:32  Drone x4  
  71  7:35  Hydralisk x5  
  71  7:36  Hydralisk x2  
  89  7:38  Overlord  
  89  7:39  Overlord x2  
  89  7:47  Muscular Augments  
  89  7:49  Hatchery  
  88  7:52  Glial Reconstitution  
  88  7:53  Evolution Chamber  
  88  7:56  Evolution Chamber  
  86  8:10  Queen  
  86  8:11  Queen, Pneumatized Carapace  
  90  8:13  Hydralisk x8  
  90  8:18  Overlord x2  
  106  8:20  Overlord x2  
  106  8:33  Drone  
  106  8:34  Drone x4  
  111  8:36  Queen  
  111  8:37  Drone  
  114  9:02  Zerg Ground Armor Level 1, Zerg Missile Weapons Level 1  
  114  9:12  Drone x2  
  116  9:19  Nydus Network  
  115  9:25  Drone x3  
  115  9:29  Extractor  
  115  9:30  Drone x4, Extractor  
  115  9:31  Hydralisk x11  
  120  9:32  Hydralisk x2  
  120  9:36  Overseer  
  146  9:39  Overlord x4  
  146  9:54  Drone x3  
  146  9:55  Drone  
  146  9:57  Overlord  
  146  9:58  Overlord  
  146  9:59  Drone  
  152  10:00  Drone  
  152  10:05  Drone  
  152  10:06  Drone x2  
  155  10:07  Drone x3  
  155  10:09  Drone x2  
  155  10:10  Drone  
  155  10:12  Overlord x3  
  155  10:13  Overlord  
  161  10:17  Hive  
  161  10:21  Hydralisk x6  
  161  10:22  Hydralisk x2  
  177  10:39  Burrow  
  177  10:41  Drone  
  177  10:42  Drone  
  179  10:59  Roach x3  
  179  11:00  Roach x4  
  193  11:21  Hatchery  
  192  11:25  Nydus Canal  
  192  11:34  Zerg Missile Weapons Level 2  
  192  11:37  Zerg Ground Armor Level 2  
  192  11:41  Lurker Den  
  192  12:09  Infestor  
  192  12:10  Infestor  
  192  12:13  Pathogen Glands  
  196  12:17  Adrenal Glands  
  196  12:22  Ultralisk Cavern  
  195  12:29  Spire  
  194  12:35  Queen  
  194  12:36  Drone  
  197  13:00  Nydus Canal  
  197  13:19  Nydus Canal  
  197  14:08  Nydus Canal  
  197  14:23  Zerg Missile Weapons Level 3  
  197  14:25  Zerg Ground Armor Level 3  
  197  14:46  Extractor x2  
  195  15:03  Overlord  
  195  15:04  Overlord x2  
  195  15:05  Overlord  
  195  15:06  Overlord  
  195  15:09  Overseer  
  195  15:18  Nydus Canal  
  177  16:10  Hydralisk  
  177  16:11  Hydralisk x4  
  167  16:12  Roach x5, Hydralisk x5  
  167  16:13  Roach x4  
  167  16:14  Ultralisk  
  188  16:28  Nydus Canal  
  188  16:42  Nydus Canal  
  188  16:44  Ultralisk x2  
  180  17:11  Hydralisk x2  
  180  17:12  Roach x3, Hydralisk x3  
  180  17:13  Hydralisk, Roach x4  
  200  17:34  Nydus Canal  
  200  18:28  Zerg Melee Weapons Level 1  
  200  18:33  Hatchery  
  173  18:53  Hydralisk x12  
  173  18:54  Hydralisk x6  
  199  18:58  Ravager x3  
  199  18:59  Ravager x2  
  180  19:36  Hydralisk  
  180  19:37  Hydralisk x2  
  180  19:38  Viper, Hydralisk  
  158  19:45  Hydralisk x2  
  126  19:46  Hydralisk x6  
  126  19:47  Hydralisk x5  
  126  19:48  Infestor x2  
  126  19:49  Infestor x2  
  126  19:50  Infestor  
  126  19:52  Ultralisk x3  
  168  19:53  Hydralisk x6  
  182  20:08  Extractor  
  182  20:09  Extractor  
  179  20:17  Drone x2  
  182  20:27  Hydralisk  
  182  20:28  Hydralisk x9  
  182  20:29  Hydralisk  
  199  20:51  Nydus Canal  
  158  21:15  Hydralisk  
  158  21:16  Hydralisk x7  
  158  21:17  Roach, Hydralisk x3  
  158  21:18  Zergling x4, Roach x3  
  177  21:19  Zergling x6  
  179  21:38  Nydus Canal  
Show
View Real Time Build Order
Export as new Build Order

Hilikus Protoss - Winner!

Build Orders:  

Get SALT Encoding   

  12  0:10  Probe (Chrono Boost)  
  13  0:19  Pylon  
  14  0:21  Probe (Chrono Boost)  
  14  0:32  Probe (Chrono Boost)  
  15  0:42  Probe (Chrono Boost)  
  16  0:53  Probe (Chrono Boost)  
  17  1:03  Probe (Chrono Boost)  
  18  1:07  Nexus  
  18  1:14  Probe (Chrono Boost)  
  19  1:24  Probe (Chrono Boost)  
  20  1:27  Gateway  
  20  1:31  Assimilator  
  20  1:35  Assimilator  
  20  1:36  Probe (Chrono Boost)  
  22  1:47  Probe (Chrono Boost)  
  22  1:57  Probe (Chrono Boost)  
  23  2:07  Forge  
  23  2:10  Pylon  
  23  2:19  Probe (Chrono Boost), Cybernetics Core  
  25  2:23  Probe (Chrono Boost)  
  25  2:29  Probe (Chrono Boost)  
  26  2:30  Pylon  
  26  2:33  Probe (Chrono Boost)  
  27  2:40  Probe (Chrono Boost)  
  29  2:44  Probe (Chrono Boost)  
  29  2:50  Probe (Chrono Boost)  
  30  2:54  Probe (Chrono Boost), Pylon  
  31  3:01  Probe (Chrono Boost)  
  31  3:05  Probe (Chrono Boost), Assimilator  
  33  3:11  Probe (Chrono Boost)  
  34  3:16  Stargate  
  34  3:17  Probe (Chrono Boost)  
  34  3:22  Probe (Chrono Boost)  
  32  3:31  Photon Cannon  
  29  3:41  Probe x2 (Chrono Boost)  
  28  3:48  Assimilator  
  28  3:52  Probe x2 (Chrono Boost)  
  27  3:56  Photon Cannon  
  28  4:03  Probe (Chrono Boost)  
  28  4:04  Probe (Chrono Boost)  
  29  4:13  Probe (Chrono Boost)  
  29  4:15  Probe (Chrono Boost)  
  25  4:37  Void Ray (Chrono Boost), Probe  
  29  4:40  Probe  
  31  4:47  Probe  
  31  4:52  Probe  
  33  4:53  Protoss Air Weapons Level 1 (Chrono Boost)  
  33  5:00  Probe  
  33  5:02  Stargate  
  33  5:06  Probe  
  35  5:11  Probe  
  40  5:22  Void Ray (Chrono Boost), Probe  
  40  5:23  Probe  
  42  5:33  Probe  
  42  5:35  Probe  
  40  5:55  Photon Cannon  
  40  6:01  Void Ray (Chrono Boost)  
  40  6:03  Probe  
  48  6:04  Void Ray (Chrono Boost)  
  50  6:16  Nexus  
  46  6:19  Pylon  
  45  6:53  Assimilator  
  45  6:57  Assimilator  
  45  7:01  Gateway  
  45  7:03  Forge  
  45  7:10  Probe  
  46  7:21  Probe  
  46  7:27  Void Ray  
  46  7:29  Void Ray  
  55  7:32  Probe x2  
  57  7:48  Probe  
  57  7:49  Probe  
  57  7:50  Pylon  
  59  8:00  Probe  
  59  8:01  Probe  
  61  8:10  Void Ray  
  61  8:12  Cybernetics Core  
  65  8:14  Probe x2  
  67  8:25  Probe, Nexus  
  67  8:26  Probe  
  67  8:34  Pylon  
  69  8:37  Pylon  
  69  8:42  Probe  
  70  8:50  Probe, Pylon  
  70  8:51  Void Ray  
  70  8:53  Pylon  
  75  8:55  Assimilator  
  75  9:01  Probe x2, Stargate  
  76  9:06  Stargate  
  77  9:11  Probe x2  
  77  9:14  Protoss Air Armor Level 1 (Chrono Boost)  
  79  9:20  Void Ray, Protoss Shields Level 1 (Chrono Boost)  
  79  9:22  Probe  
  84  9:33  Probe  
  84  9:34  Void Ray, Probe  
  90  9:41  Probe, Photon Cannon  
  91  9:45  Probe  
  91  9:46  Probe  
  93  9:53  Probe (Chrono Boost)  
  93  9:55  Void Ray  
  93  9:57  Probe (Chrono Boost)  
  100  10:00  Probe (Chrono Boost)  
  100  10:09  Void Ray, Probe (Chrono Boost)  
  100  10:12  Probe (Chrono Boost)  
  106  10:16  Pylon  
  106  10:19  Probe x2 (Chrono Boost)  
  108  10:22  Nexus  
  108  10:24  Probe (Chrono Boost)  
  110  10:37  Probe (Chrono Boost)  
  110  10:39  Pylon  
  110  10:41  Void Ray x2, Assimilator  
  118  10:54  Robotics Facility  
  118  10:55  Fleet Beacon  
  118  11:15  Nexus  
  118  11:18  Pylon  
  118  11:21  Pylon  
  118  11:23  Void Ray  
  118  11:24  Assimilator  
  122  11:27  Assimilator  
  122  11:32  Twilight Council  
  122  11:35  Probe (Chrono Boost)  
  122  11:36  Void Ray x2, Probe (Chrono Boost), Stargate  
  122  11:37  Probe (Chrono Boost)  
  133  11:41  Pylon  
  133  11:43  Pylon, Protoss Air Armor Level 2 (Chrono Boost)  
  133  11:55  Probe (Chrono Boost)  
  133  11:56  Probe (Chrono Boost)  
  133  11:57  Probe (Chrono Boost), Observer  
  137  12:04  Cybernetics Core  
  137  12:11  Void Ray x2  
  145  12:23  Photon Cannon  
  145  12:49  Protoss Air Weapons Level 2 (Chrono Boost)  
  116  12:57  Void Ray  
  116  12:58  Void Ray x3  
  94  13:08  Protoss Shields Level 2 (Chrono Boost)  
  88  13:13  Void Ray  
  88  13:17  Observer  
  92  13:40  Void Ray x2  
  100  13:45  Nexus  
  100  13:46  Pylon  
  100  13:50  Pylon  
  100  13:52  Assimilator  
  100  13:53  Void Ray  
  100  13:54  Void Ray  
  100  13:55  Assimilator  
  108  13:56  Void Ray  
  108  14:00  Stargate  
  113  14:03  Observer  
  113  14:05  Stargate  
  113  14:08  Probe x2  
  113  14:09  Probe  
  116  14:13  Photon Cannon  
  116  14:15  Photon Cannon  
  116  14:18  Photon Cannon, Protoss Air Armor Level 3  
  117  14:24  Observer  
  117  14:33  Void Ray x2  
  125  14:39  Probe x2  
  127  14:48  Void Ray x2  
  127  14:51  Probe  
  127  14:52  Pylon  
  136  14:53  Pylon  
  136  14:57  Protoss Air Weapons Level 3  
  136  15:07  Void Ray x2  
  144  15:36  Protoss Shields Level 3 (Chrono Boost)  
  144  15:43  Void Ray  
  97  16:06  Void Ray x4  
  106  16:13  Void Ray  
  98  17:17  Observer  
  97  17:36  Void Ray (Chrono Boost)  
  109  17:39  Void Ray (Chrono Boost)  
  109  17:40  Void Ray (Chrono Boost)  
  109  17:47  Void Ray x2 (Chrono Boost)  
  125  17:53  Void Ray x2 (Chrono Boost)  
  77  18:16  Void Ray (Chrono Boost)  
  89  18:24  Void Ray (Chrono Boost)  
  89  18:25  Void Ray (Chrono Boost)  
  100  18:34  Void Ray (Chrono Boost)  
  100  18:39  Void Ray (Chrono Boost)  
  100  18:40  Void Ray (Chrono Boost)  
  100  18:58  Void Ray x2 (Chrono Boost)  
  108  19:30  Probe x3, Nexus  
  111  19:32  Assimilator  
  111  19:35  Assimilator  
  111  19:38  Pylon  
  111  19:42  Pylon  
  111  19:43  Probe  
  112  19:49  Void Ray (Chrono Boost)  
  132  19:54  Void Ray x2 (Chrono Boost)  
  132  19:55  Void Ray x2 (Chrono Boost)  
  132  20:15  Void Ray x2 (Chrono Boost)  
  140  20:28  Void Ray (Chrono Boost)  
  120  20:49  Observer  
  84  21:11  Observer  
  97  21:18  Void Ray (Chrono Boost)  
Show
View Real Time Build Order
Export as new Build Order

HaChiKoMarci Protoss - Winner!

Build Orders:  

Get SALT Encoding   

  12  0:02  Probe (Chrono Boost)  
  13  0:16  Pylon  
  13  0:25  Probe (Chrono Boost)  
  14  0:36  Probe (Chrono Boost)  
  14  0:38  Gateway  
  15  0:49  Assimilator  
  15  0:58  Pylon  
  15  1:07  Gateway  
  15  1:15  Forge  
  15  1:18  Probe (Chrono Boost)  
  16  1:28  Probe (Chrono Boost)  
  17  1:41  Cybernetics Core  
  17  1:46  Pylon  
  17  1:58  Assimilator  
  17  2:30  Nexus  
  17  2:38  Stargate  
  17  2:46  Photon Cannon  
  17  2:55  Probe (Chrono Boost)  
  19  3:05  Probe (Chrono Boost)  
  19  3:07  Pylon  
  19  3:16  Probe (Chrono Boost)  
  20  3:27  Probe (Chrono Boost)  
  21  3:35  Void Ray (Chrono Boost)  
  21  3:37  Probe (Chrono Boost)  
  26  3:48  Probe  
  27  3:59  Probe  
  28  4:09  Probe  
  28  4:15  Stargate  
  29  4:34  Void Ray (Chrono Boost)  
  33  4:46  Probe  
  33  4:48  Probe, Assimilator  
  35  4:53  Assimilator  
  35  4:57  Probe  
  36  5:00  Probe  
  37  6:00  Void Ray (Chrono Boost)  
  45  6:05  Void Ray (Chrono Boost)  
  45  6:12  Pylon  
  45  6:13  Probe  
  45  6:15  Probe  
  45  6:16  Pylon  
  47  6:24  Probe  
  47  6:27  Probe  
  49  6:34  Probe  
  49  6:37  Void Ray (Chrono Boost)  
  49  6:39  Probe  
  55  6:51  Probe  
  56  7:00  Void Ray (Chrono Boost)  
  60  7:14  Void Ray (Chrono Boost)  
  64  7:18  Photon Cannon  
  64  7:19  Photon Cannon  
  64  7:22  Photon Cannon  
  64  7:24  Stargate  
  64  7:27  Probe  
  64  7:28  Probe  
  66  7:37  Probe  
  66  7:40  Probe  
  66  7:43  Nexus  
  68  7:47  Pylon  
  68  7:48  Probe  
  68  7:49  Pylon  
  69  7:52  Probe  
  70  8:04  Probe  
  70  8:05  Assimilator  
  71  8:08  Assimilator  
  71  8:12  Photon Cannon  
  71  8:14  Photon Cannon  
  71  8:18  Photon Cannon  
  71  8:20  Photon Cannon  
  71  8:25  Photon Cannon  
  71  8:27  Pylon  
  71  8:30  Pylon  
  71  8:38  Void Ray (Chrono Boost)  
  75  8:41  Probe  
  75  8:43  Probe  
  77  8:52  Probe  
  77  8:55  Probe  
  79  9:02  Probe  
  79  9:06  Probe  
  79  9:07  Probe  
  82  9:13  Probe  
  82  9:16  Void Ray (Chrono Boost), Probe  
  91  9:18  Void Ray (Chrono Boost), Pylon  
  91  9:19  Probe  
  91  9:21  Pylon  
  91  9:23  Probe  
  94  9:45  Stargate  
  94  9:48  Robotics Facility  
  94  9:56  Void Ray (Chrono Boost)  
  98  10:04  Fleet Beacon  
  98  10:11  Void Ray (Chrono Boost)  
  98  10:12  Void Ray (Chrono Boost)  
  106  10:34  Void Ray (Chrono Boost)  
  110  10:49  Void Ray x3 (Chrono Boost)  
  122  10:54  Probe  
  122  10:55  Probe x2  
  125  11:07  Probe x3, Observer  
  133  11:11  Void Ray (Chrono Boost)  
  133  11:28  Observer  
  134  11:35  Tempest (Chrono Boost)  
  140  11:48  Pylon  
  140  11:49  Observer  
  140  11:50  Pylon  
  141  11:54  Pylon  
  141  11:57  Pylon  
  141  12:06  Tempest (Chrono Boost)  
  147  12:11  Observer  
  147  12:15  Tempest x2 (Chrono Boost)  
  166  12:21  Tempest (Chrono Boost)  
  166  12:24  Protoss Air Weapons Level 1  
  166  12:32  Observer  
  167  12:44  Tempest (Chrono Boost)  
  77  13:56  Carrier (Chrono Boost)  
  77  14:03  Tempest (Chrono Boost)  
  58  14:40  Tempest (Chrono Boost)  
  64  15:10  Carrier (Chrono Boost)  
  70  15:32  Probe  
  71  15:45  Probe  
  73  15:57  Probe  
  73  16:09  Probe  
  74  16:21  Probe  
  74  16:25  Carrier (Chrono Boost)  
  81  16:44  Probe  
  82  16:49  Probe  
  83  16:56  Probe  
  85  17:01  Probe  
  85  17:08  Probe  
  85  17:13  Probe  
  84  17:20  Probe  
  85  17:25  Probe  
  86  17:33  Probe  
  87  17:37  Probe  
Tags
 
Add a new tag
Caveats
  • Supply blocks, unpowered buildings, or Contaminate may cause inaccurate times.
  • Supply counts are checked every 10 seconds.